 Dungeon Crawl Stone Soup version 0.25-a0-1133-g93ebf739aa (webtiles) character file.

Game seed: 15500485981229995681, levelgen mode: classic

4799 Amnesiac the Archer (level 10, -2/56 HPs)
             Began as a Deep Elf Arcane Marksman on May 20, 2020.
             Slain by a two-headed hydra (16 damage)
             ... on level 8 of the Dungeon.
             The game lasted 00:28:00 (8922 turns).

Amnesiac the Archer (Deep Elf Arcane Marksman)      Turns: 8922, Time: 00:28:01

Health: -2/56      AC: 10    Str: 10    XL:     10   Next: 24%
Magic:  13/17      EV: 17    Int: 19    God:
Gold:   308        SH:  0    Dex: 15    Spells: 2/19 levels left

rFire    . . .     SeeInvis .   K - +1 hand axe (flame)
rCold    . . .     Gourm    .   (no shield)
rNeg     . . .     Faith    .   D - +1 robe of the Great Game {Regen+}
rPois    .         Spirit   .   s - +0 helmet
rElec    .         Reflect  .   v - +1 cloak
rCorr    .         Harm     .   (no gloves)
MR       +....                  (no boots)
Stlth    +.........             (no amulet)
HPRegen  0.58/turn              B - +4 ring of evasion
MPRegen  0.15/turn              y - +4 ring of protection

@: no status effects
A: talons 1, low mp 1
a: no special abilities


You were on level 8 of the Dungeon.
You were not hungry.

You visited 2 branches of the dungeon, and saw 9 of its levels.

You collected 308 gold pieces.

Inventory:

Hand Weapons
 a - a +1 shortbow
 b - a +4 quarterstaff of chaos
 w - a +0 dagger
 G - a +0 quarterstaff
 K - a +1 hand axe of flaming (weapon)
Missiles
 d - 96 arrows
 l - 4 curare-tipped darts (quivered)
Armour
 s - a +0 helmet (worn)
 v - a +1 cloak (worn)
 D - the +1 robe of the Great Game (worn) {Regen+}
   (You found it on level 6 of the Dungeon)

   It increases your rate of regeneration.
Magical Staves
 u - an uncursed staff of earth
Jewellery
 n - an uncursed ring of resist corrosion {unknown}
 y - a +4 ring of protection (right hand)
 B - a +4 ring of evasion (left hand)
 H - an uncursed ring of ice
Wands
 J - a wand of digging (5)
Scrolls
 c - a scroll of fog {!r, unknown}
 e - 2 scrolls of identify {!r}
 i - a scroll of immolation {!r}
 j - 3 scrolls of teleportation {!r}
 k - 3 scrolls of magic mapping {!r}
 o - a scroll of blinking {!r}
 p - a scroll of enchant armour {!r, unknown}
 r - 5 scrolls of remove curse {!r}
 A - 2 scrolls of enchant weapon {!r}
 E - a scroll of silence {!r}
Potions
 g - 3 potions of berserk rage {!q, unknown}
 h - 2 potions of mutation {!q}
 m - 2 potions of stabbing {!q}
 q - a potion of heal wounds {!q, unknown}
 t - a potion of flight {!q, unknown}
 x - 2 potions of resistance {!q}
 z - a potion of haste {!q, unknown}
 C - a potion of cancellation {!q, unknown}
 F - a potion of curing {!q}
 I - a potion of lignification {!q, unknown}
Comestibles
 f - 14 rations
 L - 9 chunks of flesh


   Skills:
 - Level 3.0 Fighting
 * Level 13.2 Bows
 - Level 2.4 Dodging
 - Level 5.0 Spellcasting
 - Level 10.0 Hexes


You had 2 spell levels left.
You knew the following spells:

 Your Spells              Type           Power        Failure   Level  Hunger
a - Corona                Hex            #####..      1%          1    None
b - Cause Fear            Hex            #####.....   1%          4    ####...
c - Leda's Liquefaction   Hex/Erth       ###.......   16%         4    ####...
d - Inner Flame           Hex/Fire       ###.....     4%          3    ##.....
e - Slow                  Hex            #####...     1%          2    #......
f - Portal Projectile     Hex/Tloc       ###...       4%          3    ##.....

Your spell library contained the following spells:

 Spells                   Type           Power        Failure   Level  Hunger
 Bolt of Magma            Conj/Fire/Erth #.........   98%         5    ######.
 Iskenderun's Battlesphe  Conj/Chrm      #.......     98%         5    ######.
 Iron Shot                Conj/Erth      #.........   100%        6    #######
 Orb of Destruction       Conj           #.........   100%        7    #######
 Spellforged Servitor     Conj/Summ      #.........   100%        7    #######


Dungeon Overview and Level Annotations

Branches:
Dungeon (8/15)             Temple (1/1) D:4            Lair (0/6) D:8

Altars:
Ashenzari
Cheibriados
Dithmenos
Elyvilon
Fedhas
Gozag
Hepliaklqana
Kikubaaqudgha
Makhleb
Nemelex Xobeh
Qazlal
Trog
Vehumet
Wu Jian
Xom
Zin
The Shining One
Lugonu


Innate Abilities, Weirdness & Mutations

You have sharp toenails.
Your magical capacity is low. (-10% MP)


Message History

HP restored.
f - 13 rations (gained 1)
f - 14 rations (gained 1)
There is an open gate here.
You enter the shallow water.
You open the door.
A three-headed hydra comes into view.
Found a halberd.
A three-headed hydra is nearby!
A three-headed hydra is nearby!
A big kobold comes into view. It is wielding a +1 whip of venom.
The big kobold moves out of view.
The big kobold shouts!
You see here a dream sheep skeleton.
The three-headed hydra bites you but does no damage.
The three-headed hydra bites you! x2
You see here a big kobold corpse.
You see here a yak skeleton.
Casting: Corona (safe; 1% risk of failure)
Confirm with . or Enter, or press ? or * to list all spells.
Okay, then.
Casting: Corona (safe; 1% risk of failure)
Confirm with . or Enter, or press ? or * to list all spells.
The ground around you becomes liquefied!
Unknown command.
Unknown command.
Press: ? - help, v - describe, . - travel
Here: a three-headed hydra (covering ground slowly)
The floor.
Your +1 hand axe of flaming bursts into flame!
K - a +1 hand axe of flaming (weapon)
The three-headed hydra bites you!
The three-headed hydra bites you but does no damage.
The three-headed hydra bites you.
The three-headed hydra barely misses you.
The three-headed hydra bites you.
* * * LOW HITPOINT WARNING * * *
The three-headed hydra bites you!
* * * LOW HITPOINT WARNING * * *
Casting: Leda's Liquefaction (quite dangerous; 16% risk of failure)
Confirm with . or Enter, or press ? or * to list all spells.
Aiming: Slow (safe; 1% risk of failure)
Press: ? - help, Shift-Dir - straight line, f - three-headed hydra
Aim: a three-headed hydra (chance to defeat MR: 45%)
The three-headed hydra seems to slow down.
Unknown command.
Unknown command.
Unknown command.
You hack one of the three-headed hydra's heads off!
The flame cauterises the wound!
You hit the two-headed hydra. You burn the two-headed hydra.
The two-headed hydra is lightly wounded.
The two-headed hydra misses you. The two-headed hydra bites you.
* * * LOW HITPOINT WARNING * * *
Unknown command.
Unknown command.
Unknown command.
Unknown command.
Unknown command.
You barely miss the two-headed hydra.
The two-headed hydra is lightly wounded.
The ground is no longer liquid beneath you.
The two-headed hydra misses you. The two-headed hydra bites you!
You die...

.#.#.########.###.####...#.#...##
.#.#.# #...........(..#.#.##
.#†#.# ####.#####...###...##
.#.#.###########.#####...# #.####
...#.....................# #.# #
##.########...##.#######.###.# #
......÷.........K............# #
##.########...##D#######.##### #
#.# ######@################ #.#
#..........#.)'.P≈PP #.#
#..<.......# #≈K≈≈P #.#
#..........#+##P≈P.≈
#..........#..#.....
#.......(..#..'....≈
############..'..P.. #..'....≈
#..#.....


You could see a two-headed hydra (slow) and a big kobold.

Vanquished Creatures
  A death yak (D:8)
  2 dream sheep (D:8)
  Eustachio (D:5)
  6 yaks
  A water moccasin (D:7)
  An orc warrior (D:7)
  2 sky beasts
  2 ice beasts
  3 black bears
  An ogre (D:4)
  4 centaurs
  2 big kobolds (D:8)
  A wyvern zombie (D:8)
  A bullfrog (D:7)
  A water moccasin zombie (D:7)
  A scorpion (D:5)
  4 killer bees (D:8)
  A howler monkey (D:6)
  2 crimson imps (D:7)
  A bullfrog zombie (D:5)
  A quasit (D:6)
  2 hounds
  5 orc wizards
  Crazy Yiuf (D:3)
  A centaur skeleton (D:6)
  5 orc priests
  2 iguanas
  5 worker ants
  A hound zombie (D:7)
  2 hound skeletons
  A howler monkey skeleton (D:7)
  A worker ant zombie (D:5)
  11 adders
  3 oozes
  An adder zombie (D:7)
  4 worms
  2 dart slugs (D:2)
  7 leopard geckos
  17 orcs
  3 giant cockroaches
  7 goblins
  6 hobgoblins
  16 jackals
  2 quokkas (D:4)
  A ball python (D:2)
  5 bats
  3 frilled lizards
  A giant cockroach zombie (D:5)
  7 kobolds
  3 quokka skeletons
  4 rats
168 creatures vanquished.

Notes
Turn   | Place    | Note
-------+----------+-------------------------------------------
     0 | D:1      | Amnesiac the Deep Elf Arcane Marksman began the quest for
                  | the Orb.
     0 | D:1      | Reached XP level 1. HP: 11/11 MP: 5/5
   421 | D:1      | Reached skill level 1 in Fighting
   524 | D:1      | Reached skill level 3 in Bows
   524 | D:1      | Reached XP level 2. HP: 12/16 MP: 3/6
   528 | D:1      | Learned a level 2 spell: Slow
  1512 | D:2      | Found a shattered altar of Ashenzari.
  1609 | D:2      | Reached XP level 3. HP: 14/20 MP: 5/7
  1681 | D:2      | Reached skill level 4 in Bows
  2042 | D:2      | Reached XP level 4. HP: 20/25 MP: 6/9
  2773 | D:3      | Found a runed translucent door.
  2774 | D:3      | Noticed Crazy Yiuf
  2860 | D:3      | Learned a level 4 spell: Cause Fear
  2972 | D:3      | Reached skill level 5 in Bows
  3316 | D:3      | Killed Crazy Yiuf
  3316 | D:3      | Reached XP level 5. HP: 29/29 MP: 11/11
  3447 | D:4      | Found a staircase to the Ecumenical Temple.
  3456 | Temple   | Entered the Ecumenical Temple
  3961 | D:4      | Found a sparkling altar of Nemelex Xobeh.
  4024 | D:4      | Noticed an ogre
  4036 | D:4      | Killed an ogre
  4036 | D:4      | Reached skill level 6 in Bows
  4036 | D:4      | Reached XP level 6. HP: 34/34 MP: 9/14
  4547 | D:5      | Entered Level 5 of the Dungeon
  4547 | D:5      | Noticed Eustachio
  4555 | D:5      | Killed Eustachio
  4555 | D:5      | Reached XP level 7. HP: 38/38 MP: 15/15
  4661 | D:5      | Found a glowing silver altar of Zin.
  4664 | D:5      | Found a white marble altar of Elyvilon.
  4801 | D:5      | Found a hazy altar of Hepliaklqana.
  4873 | D:5      | Learned a level 4 spell: Leda's Liquefaction
  4964 | D:5      | Reached skill level 7 in Bows
  5160 | D:5      | Found a glowing golden altar of the Shining One.
  5360 | D:5      | Found a shimmering altar of Xom.
  5360 | D:5      | Found a shimmering altar of Xom.
  5361 | D:5      | Found a shimmering altar of Xom.
  5361 | D:5      | Found a shimmering altar of Xom.
  5362 | D:5      | Found a shimmering altar of Xom.
  5570 | D:5      | Found a stormy altar of Qazlal.
  5643 | D:5      | Reached XP level 8. HP: 37/43 MP: 13/16
  5889 | D:6      | Reached skill level 8 in Bows
  5889 | D:6      | Reached skill level 10 in Hexes
  5931 | D:6      | Found a bloodstained altar of Trog.
  6136 | D:6      | Found a shimmering altar of Xom.
  6261 | D:6      | Found a snail-covered altar of Cheibriados.
  6399 | D:6      | Found an ancient bone altar of Kikubaaqudgha.
  6523 | D:6      | Got a shimmering robe
  6560 | D:6      | Identified the cursed +1 robe of the Great Game {Regen+}
                  | (You found it on level 6 of the Dungeon)
  6611 | D:7      | Found a bloodstained altar of Trog.
  6676 | D:7      | Found a radiant altar of Vehumet.
  6702 | D:8      | Reached skill level 9 in Bows
  6890 | D:8      | Reached XP level 9. HP: 49/49 MP: 17/17
  6932 | D:8      | Noticed a death yak
  6932 | D:8      | Noticed a death yak
  6950 | D:8      | Killed a death yak
  6950 | D:8      | Reached skill level 10 in Bows
  6956 | D:8      | Noticed a death yak
  7201 | D:8      | Found a staircase to the Lair.
  7634 | D:7      | Reached skill level 11 in Bows
  7824 | D:7      | Reached skill level 5 in Spellcasting
  8173 | D:7      | Learned a level 3 spell: Inner Flame
  8177 | D:7      | Learned a level 3 spell: Portal Projectile
  8231 | D:8      | Gained mutation: You are frail. (-10% HP) [potion of
                  | mutation]
  8231 | D:8      | Gained mutation: Your muscles are strong. (Str +2) [potion
                  | of mutation]
  8232 | D:8      | Lost mutation: You are frail. (-10% HP) [potion of
                  | mutation]
  8232 | D:8      | Lost mutation: Your muscles are strong. (Str +2) [potion of
                  | mutation]
  8232 | D:8      | Gained mutation: Your magical capacity is low. (-10% MP)
                  | [potion of mutation]
  8232 | D:8      | Gained mutation: You have sharp toenails. [potion of
                  | mutation]
  8460 | D:8      | Reached skill level 12 in Bows
  8535 | D:7      | Reached XP level 10. HP: 52/56 MP: 14/17
  8823 | D:8      | Reached skill level 13 in Bows
  8878 | D:8      | Noticed a three-headed hydra
  8922 | D:8      | Slain by a two-headed hydra

Illustrated notes

Levels and vault maps discovered:
D:1:      wander_arrival_peaceful_grave, layout_loops_cross
D:2:      layout_basic, nicolae_ashenzari_panopticon,
          minmay_fractal_squares_gapless_5
D:3:      layout_loops_ring, minmay_misc_feat_ornament,
          kennysheep_generic_room_14, uniq_crazy_yiuf_cottage
D:4:      layout_gridville, lemuel_round_altar, minmay_temple_entry_waves,
          first_ration, minmay_misc_feat_room
D:5:      minmay_diamond_boxcup, layout_loops_ring,
          lemuel_coloured_pillars_altar, kennysheep_little_box, kennysheep_mini,
          minitemple, xom_redecorated, uniq_eustachio
D:6:      layout_loops_ring, lemuel_crystal_altar, lemuel_round_altar,
          kiku_gazebo_pond_becter, trog_three_pillars_becter
D:7:      layout_cave_pools, trog_ov_bears_minmay, basic_altar
D:8:      layout_basic, gammafunk_temple_overflow_wave, dpeg_lair_monsters,
          hangedman_ranch [blue_anna_fruit_fields]
Temple:   corrupted_temple

Skill      XL: |  1  2  3  4  5  6  7  8  9 10 |
---------------+-------------------------------+-----
Fighting       | 1 2 3 |  3.0
Bows           | 3 4 5 6 7 9 12 13 | 13.2
Spellcasting   | 2 3 4 5 |  5.0
Hexes          | 6 8 10 | 10.0
Dodging        | |  2.4

Action                   |  1- 3 |  4- 6 |  7- 9 | 10-12 || total
-------------------------+-------+-------+-------+-------++-------
Melee: Dagger            |    21 |       |       |       ||    21
       Quarterstaff      |       |     7 |    80 |       ||    87
       Hand axe          |       |       |       |     2 ||     2
 Fire: Shortbow          |   106 |   174 |   409 |    55 ||   744
Throw: Dart              |       |       |    15 |       ||    15
 Cast: Corona            |    35 |    37 |    54 |     5 ||   131
       Slow              |     1 |     9 |    51 |     7 ||    68
       Leda's Liquefacti |       |       |     4 |     1 ||     5
  Use: Scroll            |       |       |    13 |       ||    13
       Potion            |       |       |     3 |       ||     3
 Stab: Sleeping          |     3 |       |       |       ||     3
       Paralysed         |       |     4 |       |       ||     4
  Eat: Chunk             |     4 |     8 |    12 |       ||    24
       Ration            |       |       |     1 |       ||     1
Armor: Robe              |    16 |    18 |    99 |     7 ||   140
Dodge: Dodged            |    50 |    49 |   285 |    27 ||   411

Table legend:
 A = Non-vault XP
 B = Vault XP
 C = Vault XP percentage of total XP
 D = Non-vault monster count
 E = Vault monster count
 F = Vault count percentage of total count
                 A         B        C        D         E       F
            +---------+---------+-------+---------+---------+-------
      Total |    3030 |    3827 |  55.8 |     142 |      26 |  15.5
            +---------+---------+-------+---------+---------+-------
        D:1 |      28 |       0 |   0.0 |      18 |       0 |   0.0
        D:2 |      85 |       9 |   9.6 |      23 |       3 |  11.5
        D:3 |      63 |      43 |  40.6 |      13 |       2 |  13.3
        D:4 |     364 |       0 |   0.0 |      22 |       0 |   0.0
        D:5 |     586 |     728 |  55.4 |      18 |       8 |  30.8
        D:6 |     422 |       0 |   0.0 |      12 |       0 |   0.0
        D:7 |     839 |     356 |  29.8 |      27 |       2 |   6.9
        D:8 |     643 |    2691 |  80.7 |       9 |      11 |  55.0
            +---------+---------+-------+---------+---------+-------
